 Dungeon Crawl Stone Soup version 0.21.0-25-ge575cb9 (webtiles) character file.

7909 Moloch the Severer (level 11, -4/97 HPs)
             Began as a Hill Orc Fighter on Jan 24, 2018.
             Was an Elder of Beogh.
             Slain by Snorg (17 damage)
             ... on level 10 of the Dungeon.
             The game lasted 00:20:57 (11043 turns).

Moloch the Severer (Hill Orc Fighter)              Turns: 11043, Time: 00:20:58

Health: -4/97      AC: 11    Str: 27    XL:     11   Next: 22%
Magic:  11/11      EV: 10    Int:  8    God:    Beogh [****..]
Gold:   599        SH: 10    Dex: 13    Spells: 10/10 levels left

rFire    + . .     SeeInvis +   a - +0 war axe
rCold    . . .     Gourm    .   c - +0 shield
rNeg     + . .     Faith    .   z - +1 ring mail "Ejuplox" {MR+ Str+4 Slay+2} (curse)
rPois    .         Spirit   .   (no helmet)
rElec    .         Reflect  .   F - +0 cloak
rCorr    .         Harm     .   s - +0 pair of gloves
MR       +....                  L - +0 pair of boots "Ipauky" {rN+ Str+3 SInv} (curse)
Stlth    +.........             (no amulet)
HPRegen  0.26/turn              u - ring of protection from fire
MPRegen  0.12/turn              (no ring)

@: no status effects
A: no striking features
a: Smiting, Recall Orcish Followers, Renounce Religion


You were on level 10 of the Dungeon.
You worshipped Beogh.
Beogh was greatly pleased with you.
You were not hungry.

You visited 1 branch of the dungeon, and saw 10 of its levels.
You also visited: Sewer.

You collected 599 gold pieces.

Inventory:

Hand Weapons
 a - a +0 war axe (weapon)
 D - a +0 whip of flaming
Missiles
 o - 3 throwing nets (quivered)
Armour
 c - a +0 shield (worn)
 s - a +0 pair of gloves (worn)
 z - the cursed +1 ring mail "Ejuplox" (worn) {MR+ Str+4 Slay+2}
   (You found it on level 8 of the Dungeon)

   It affects your strength (+4).
   It affects your accuracy and damage with ranged weapons and melee attacks
   (+2).
   It affects your resistance to hostile enchantments.
   It has a curse placed upon it.
 F - a +0 cloak (worn)
 L - the cursed +0 pair of boots "Ipauky" (worn) {rN+ Str+3 SInv}
   (You found it on level 8 of the Dungeon)

   It affects your strength (+3).
   It protects you from negative energy.
   It lets you see invisible.
   It has a curse placed upon it.
Jewellery
 u - a ring of protection from fire (left hand)
Wands
 A - a wand of random effects (20)
 B - a wand of enslavement (21)
 C - a wand of digging (14)
 E - a wand of flame (11)
 H - a wand of paralysis (10)
Scrolls
 h - 10 scrolls of identify
 j - 5 scrolls of enchant armour {unknown}
 m - 3 scrolls of enchant weapon {unknown}
 n - 4 scrolls of fear
 q - 4 scrolls of remove curse
 t - 3 scrolls of amnesia {unknown}
 w - 3 scrolls of teleportation {unknown}
 x - 2 scrolls of noise {unknown}
 y - 6 scrolls of magic mapping {unknown}
 G - a scroll of immolation {unknown}
 J - a scroll of blinking {unknown}
Potions
 b - a potion of degeneration {unknown}
 d - 2 potions of might
 e - 12 potions of curing
 g - 2 potions of ambrosia {unknown}
 i - 5 potions of brilliance {unknown}
 k - 3 potions of lignification {unknown}
 l - 2 potions of resistance {unknown}
 r - 2 potions of mutation {unknown}
 v - 6 potions of heal wounds
 I - a potion of cancellation {unknown}
 K - a potion of flight {unknown}
Books
 p - a book of Necromancy

   Spells                             Type                      Level
   a - Pain                           Necromancy                   1
   b - Animate Skeleton               Necromancy                   1
   c - Vampiric Draining              Necromancy                   3
   d - Regeneration                   Charms/Necromancy            3
   e - Animate Dead                   Necromancy                   4
   f - Borgnjor's Vile Clutch         Necromancy/Earth             5
Comestibles
 f - 7 rations


   Skills:
 + Level 9.3 Fighting
 * Level 17.0 Axes
 + Level 6.1 Armour
 * Level 3.6 Dodging
 - Level 3.2 Shields


You had 10 spell levels left.
You didn't know any spells.

Dungeon Overview and Level Annotations

Branches:
Dungeon (10/15)            Temple (0/1) D:5
   Lair: D:8-11         Orc: D:9-12

Altars:
Cheibriados
Dithmenos
Fedhas
Gozag
Ru
Trog
Wu Jian
Xom
The Shining One

Shops:
D:4 (

Annotations:
D:10 Snorg


Message History

Unknown command.
Unknown command.
Something hits your orc but does no damage.
Your orc closely misses something.
The gargoyle hurls a stone arrow at you.
The stone arrow hits you!
* * * LOW HITPOINT WARNING * * *
Something hits your orc.
Snorg goes berserk!
Your orc hits something. Something closely misses your orc.
The gargoyle hurls a stone arrow at you.
The stone arrow misses you. Something hits your orc.
Your orc hits something. Beogh accepts your kill.
You feel a bit more experienced.
As you read the scroll of fear, it crumbles to dust.
You assume a fearsome visage.
The gargoyle is unaffected.
Snorg rages.
Snorg bites you!
* * * LOW HITPOINT WARNING * * *
Snorg claws you!
You die...

#........ .... ######### ####
# ###. ..o # #o. ##########
##.##[##########.............
......)o...T@:...............
......)...9...............†##
............############....#
............# ##.....
............# ##P.PP.P
..........).##########.P..PP.
........................P....
.........>...#######...P.....
###########..# #....P.###


You could see Snorg (berserk), a gargoyle and a friendly orc.

Vanquished Creatures
  A two-headed ogre (D:9)
  An unseen horror (D:10)
  Pikel (D:6)
  A gargoyle (D:10)
  A troll (D:7)
  2 killer bees
  A hornet (D:7)
  5 slime creatures (D:9)
  A hungry ghost (D:8)
  A water moccasin (D:5)
  2 orc warriors
  A slave (D:6)
  2 necrophages
  3 phantoms
  3 sky beasts
  4 ogres
  3 centaurs
  A crocodile (D:10)
  A big kobold (Sewer)
  5 bullfrogs
  A wyvern skeleton (D:8)
  5 scorpions
  6 wights
  A centaur zombie (D:9)
  5 crimson imps
  A bullfrog zombie (D:9)
  2 jellies (D:8)
  4 orc priests
  A gnoll shaman (D:4)
  2 hounds
  4 orc wizards
  Crazy Yiuf (D:7)
  A centaur skeleton (D:5)
  3 bullfrog skeletons
  2 iguanas (D:9)
  6 worker ants
  A killer bee zombie (D:6)
  A hound skeleton (D:6)
  2 worker ant zombies
  11 adders
  3 gnolls
  7 river rats (Sewer)
  A shadow imp (D:7)
  An ooze (D:4)
  2 adder skeletons (D:7)
  An adder zombie (D:4)
  9 worms
  6 dart slugs
  5 leopard geckos
  24 orcs
  7 ball pythons
  8 bats
  5 giant cockroaches
  9 hobgoblins
  19 jackals
  8 quokkas
  4 frilled lizards
  7 goblins
  20 kobolds
  A leopard gecko skeleton (D:4)
  A quokka skeleton (D:7)
  A quokka zombie (D:2)
  22 rats
  2 fungi (D:10)
  A plant (D:10)
274 creatures vanquished.

Vanquished Creatures (collateral kills)
  A two-headed ogre (D:9)
  A troll (D:9)
  A centaur (D:10)
  2 killer bees (D:7)
  A hound (D:10)
  A worker ant (D:9)
  An orc wizard (D:10)
  5 orcs
13 creatures vanquished.

Vanquished Creatures (others)
  3 orc warriors
  5 killer bees
  An orc priest (D:10)
  An orc wizard (D:9)
  An adder (D:6)
  10 orcs
  A quokka zombie (D:6)
  2 fungi (D:10)
24 creatures vanquished.

Grand Total: 311 creatures vanquished

Notes
Turn   | Place    | Note
-------+----------+-------------------------------------------
     0 | D:1      | Moloch the Hill Orc Fighter began the quest for the Orb.
     0 | D:1      | Reached XP level 1. HP: 19/19 MP: 1/1
    80 | D:1      | Reached skill level 3 in Axes
   154 | D:1      | Reached XP level 2. HP: 26/27 MP: 2/2
   688 | D:2      | Reached skill level 4 in Axes
   688 | D:2      | Reached XP level 3. HP: 22/33 MP: 3/3
   996 | D:2      | Reached XP level 4. HP: 26/41 MP: 4/4
  1177 | D:2      | Reached skill level 5 in Axes
  1830 | D:3      | Found a glowing drain.
  1844 | D:3      | Reached XP level 5. HP: 38/47 MP: 5/5
  1850 | D:3      | Reached skill level 6 in Axes
  1900 | Sewer    | Entered a sewer
  2059 | Sewer    | Reached skill level 7 in Axes
  2139 | Sewer    | Reached XP level 6. HP: 29/53 MP: 6/6
  2608 | D:3      | Reached skill level 8 in Axes
  2715 | D:3      | Became a worshipper of Beogh the Brigand
  3231 | D:3      | Reached skill level 5 in Fighting
  3365 | D:3      | Found a blossoming altar of Fedhas.
  3740 | D:4      | Found Unocuo Pepn's Antique Weapon Boutique.
  3740 | D:4      | Noticed a phantom
  3802 | D:4      | Killed a phantom
  3802 | D:4      | Reached skill level 9 in Axes
  3802 | D:4      | Reached XP level 7. HP: 35/61 MP: 7/7
  3886 | D:4      | Reached * piety under Beogh
  4324 | D:4      | Reached skill level 10 in Axes
  4537 | D:5      | Entered Level 5 of the Dungeon
  4597 | D:5      | Reached XP level 8. HP: 50/69 MP: 8/8
  4678 | D:4      | Reached skill level 11 in Axes
  4965 | D:5      | Found a staircase to the Ecumenical Temple.
  5056 | D:5      | Found a bloodstained altar of Trog.
  5056 | D:5      | Found an ornate altar of the Wu Jian Council.
  5057 | D:5      | Found a shadowy altar of Dithmenos.
  5241 | D:5      | Found a glowing golden altar of the Shining One.
  5248 | D:5      | Reached skill level 12 in Axes
  5344 | D:5      | Reached ** piety under Beogh
  5429 | D:6      | Noticed Pikel
  5838 | D:6      | Killed Pikel
  5838 | D:6      | Reached skill level 13 in Axes
  5838 | D:6      | Reached XP level 9. HP: 57/78 MP: 9/9
  6458 | D:7      | Noticed a troll
  6480 | D:7      | Killed a troll
  6480 | D:7      | Reached skill level 14 in Axes
  6753 | D:7      | Found a sacrificial altar of Ru.
  7410 | D:7      | Noticed a hornet
  7415 | D:7      | Paralysed by a hornet for 2 turns
  7421 | D:7      | Killed a hornet
  7421 | D:7      | Reached skill level 1 in Dodging
  7797 | D:7      | Found a runed door.
  7973 | D:7      | Reached skill level 15 in Axes
  8099 | D:7      | Reached XP level 10. HP: 84/88 MP: 10/10
  8416 | D:7      | Noticed Crazy Yiuf
  8423 | D:7      | Killed Crazy Yiuf
  8699 | D:8      | Found a blossoming altar of Fedhas.
  8845 | D:8      | Reached *** piety under Beogh
  8967 | D:8      | Got a pair of crude boots
  8978 | D:8      | Identified the cursed +0 pair of boots "Ipauky" {rN+ Str+3 SInv} (You found it on level 8 of the Dungeon)
  8983 | D:8      | Got a slimy ring mail
  8994 | D:8      | Identified the cursed +1 ring mail "Ejuplox" {MR+ Str+4 Slay+2} (You found it on level 8 of the Dungeon)
  9085 | D:8      | Found a shimmering altar of Xom.
  9089 | D:8      | Found a snail-covered altar of Cheibriados.
  9487 | D:9      | Noticed a two-headed ogre
  9508 | D:9      | Killed a two-headed ogre
  9760 | D:9      | Reached skill level 5 in Armour
  9762 | D:9      | Reached skill level 16 in Axes
 10029 | D:9      | Noticed a two-headed ogre
 10035 | D:9      | Killed a two-headed ogre
 10454 | D:9      | Reached XP level 11. HP: 95/95 MP: 11/11
 10564 | D:10     | Entered Level 10 of the Dungeon
 10735 | D:10     | Found an opulent altar of Gozag.
 10853 | D:10     | Noticed an unseen horror
 10857 | D:10     | Reached **** piety under Beogh
 10873 | D:10     | Killed an unseen horror
 10953 | D:10     | Reached skill level 17 in Axes
 11032 | D:10     | Noticed Snorg
 11043 | D:10     | Slain by Snorg

Skill      XL: |  1  2  3  4  5  6  7  8  9 10 11 |
---------------+----------------------------------+-----
Axes           | 3 4 5 7 9 10 13 15 16 17 | 17.0
Fighting       | 4 5 6 7 8 9 |  9.3
Dodging        | 1 3 |  3.6
Armour         | 5 6 |  6.1
Shields        | |  3.2

Action                   |  1- 3 |  4- 6 |  7- 9 | 10-12 || total
-------------------------+-------+-------+-------+-------++-------
Melee: War axe           |    92 |   315 |   342 |   260 ||  1009
Invok: Convert to Beogh  |       |     1 |       |       ||     1
Evoke: Wand              |       |       |    21 |    13 ||    34
  Use: Scroll            |       |       |     2 |     2 ||     4
       Potion            |       |       |     2 |       ||     2
 Stab: Distracted        |       |       |       |     1 ||     1
  Eat: Chunk             |       |     9 |     8 |     4 ||    21
       Ration            |       |       |     2 |     4 ||     6
Armor: Scale mail        |    48 |    85 |       |       ||   133
       Chain mail        |       |    67 |   166 |    39 ||   272
       Ring mail         |       |       |       |    36 ||    36
Dodge: Dodged            |    30 |   101 |    57 |    45 ||   233
Block: Shield            |    45 |   144 |   133 |    89 ||   411
